 Dungeon Crawl Stone Soup version 0.29.1-12-g30fa7ad0bf (webtiles) character file.

Game seed: 13351926122213753289

209 DemonSlayer the Digger (level 5, 0/36 HPs)
             Began as a Demonspawn Earth Elementalist on Jan 18, 2023.
             Slain by a gnoll
             ... wielding a +0 spear
              (3 damage)
             ... on level 4 of the Dungeon.
             The game lasted 00:07:45 (3886 turns).

DemonSlayer the Digger (DsEE)                       Turns: 3886, Time: 00:07:45

Health: 0/36       AC:  5    Str:  9    XL:     5   Next: 55%
Magic:  6/10       EV: 12    Int: 18    God:
Gold:   155        SH:  0    Dex: 13    Spells: 5/11 levels left

rFire   . . .      SeeInvis .   p - +2 dire flail
rCold   . . .      Faith    .   (shield currently unavailable)
rNeg    . . .      Spirit   .   o - +0 leather armour
rPois   .          Reflect  .   r - +2 hat
rElec   .          Harm     .   (no cloak)
rCorr   .          Rampage  .   (no gloves)
Will    .....                   (no boots)
Stlth   ++........              (no amulet)
HPRegen 0.12/turn               (no ring)
MPRegen 0.12/turn               (no ring)

@: hasted, very quick
A: claws 2, foul stench 1
a: no special abilities


You were on level 4 of the Dungeon.
You visited 1 branch of the dungeon, and saw 4 of its levels.

You collected 155 gold pieces.

Inventory:

Hand Weapons
 p - a +2 dire flail (weapon)
Armour
 c - a +3 chain mail of cold resistance
 o - a +0 leather armour (worn)
 r - a +2 hat (worn)
Scrolls
 f - a scroll of noise
 h - a scroll of blinking
 i - a scroll of enchant armour
 j - 3 scrolls of fear
Potions
 d - 3 potions of curing
 e - a potion of resistance {unknown}
 k - a potion of degeneration {unknown}
 m - 2 potions of mutation
 n - a potion of might {unknown}
 q - a potion of haste


   Skills:
 + Level 0.7 Fighting
 + Level 0.1 Short Blades
 + Level 0.2 Maces & Flails
 + Level 0.8 Armour
 + Level 2.4 Dodging
 + Level 2.3 Stealth
 + Level 3.7 Spellcasting
 + Level 0.8 Transmutations
 + Level 3.7 Earth Magic


You had 5 spell levels left.
You knew the following spells:

 Your Spells              Type           Power      Damage    Failure   Level
a - Sandblast             Erth           32%        2d9       4%          1
b - Ensorcelled Hibernat  Hex/Ice        6%         N/A       30%         2
c - Stone Arrow           Conj/Erth      20%        3d8       28%         3

Your spell library contained the following spells:

 Spells                   Type           Power      Damage    Failure   Level
 Passwall                 Tmut/Erth      9%         N/A       12%         2
 Apportation              Tloc           6%         N/A       21%         1
 Foxfire                  Conj/Fire      12%        2x1d4     21%         1
 Conjure Flame            Conj/Fire      3%         6-21      52%         3
 Inner Flame              Hex/Fire       3%         N/A       52%         3
 Ozocubu's Armour         Ice            3%         N/A       52%         3
 Swiftness                Air            3%         N/A       52%         3
 Petrify                  Tmut/Erth      11%        N/A       61%         4
 Flame Wave               Conj/Fire      3%         2d5       90%         4
 Alistair's Intoxication  Tmut/Pois      2%         N/A       99%         5
 Metabolic Englaciation   Hex/Ice        1%         N/A       99%         5
 Simulacrum               Ice/Necr       1%         N/A       100%        6


Dungeon Overview and Level Annotations

Branches:
Dungeon (4/15)
 Temple: D:4-7

Altars:
Okawaru

Shops:
D:3 (


Innate Abilities, Weirdness & Mutations

You have very sharp fingernails.
You may rarely emit foul miasma when damaged in melee.


Message History

The blast of sand hits the gnoll.
The gnoll is heavily wounded.
The gnoll misses you.
The blast of sand misses the gnoll.
A gnoll comes into view. It is wielding a +0 spear.
The gnoll hits you with a +0 club! The gnoll hits you with a +0 club.
The blast of sand hits the gnoll!
You kill the gnoll!
The gnoll shouts!
The gnoll hits you with a +0 club.
The blast of sand hits the gnoll!
The gnoll is heavily wounded.
The gnoll closely misses you. The gnoll hits you with a +0 club!
The gnoll barely misses you.
The gnoll hits you from afar with a +0 spear.
* * * LOW HITPOINT WARNING * * *
You are too injured to fight recklessly!
You are too injured to fight recklessly!
You are too injured to fight recklessly!
Unknown command.
You hit the gnoll but do no damage.
The gnoll is heavily wounded.
The gnoll closely misses you. The gnoll hits you with a +0 club.
* * * LOW HITPOINT WARNING * * *
You hit the gnoll.
The gnoll is severely wounded.
The gnoll hits you with a +0 club.
* * * LOW HITPOINT WARNING * * *
The gnoll closely misses you.
You hit the gnoll.
You kill the gnoll!
The gnoll closely misses you.
You feel yourself speed up. The gnoll misses you. The gnoll closely misses you.
Things that are here:
a +0 club; a gnoll corpse You sock the gnoll!
The gnoll is almost dead.
The gnoll hits you with a +0 spear.
You die...

#.#..#.# #.#.##.#
#...##.#### # #
##....(...# .##.#
##.#...)..# ..#.#
...#..†<..# #.#.####
####......# #......#
..........# #g..!..#
####......#
##@.....# #
##.#########.).....#
#
#.................#
#
###..8.....8......#
# #...........#####
# ##.........##
#.........#
#....>.....#
...........†...#


You could see a gnoll.

Vanquished Creatures
  A necrophage (D:4)
  An orc wizard (D:3)
  2 adders
  2 gnolls (D:4)
  A worm (D:2)
  A dart slug (D:1)
  7 orcs (D:3)
  6 endoplasms
  6 giant cockroaches
  4 goblins
  9 hobgoblins
  3 jackals (D:3)
  3 quokkas
  4 ball pythons
  4 bats
  5 frilled lizards
  5 kobolds
  3 rats
67 creatures vanquished.

Vanquished Creatures (others)
  4 fungi (D:3)
4 creatures vanquished.

Grand Total: 71 creatures vanquished

Notes
Turn   | Place    | Note
-------+----------+-------------------------------------------
     0 | D:1      | DemonSlayer the Demonspawn Earth Elementalist began the
                  | quest for the Orb.
     0 | D:1      | Reached XP level 1. HP: 13/13 MP: 3/3
   426 | D:1      | Gained mutation: You have sharp fingernails. [demonic
                  | ancestry]
   426 | D:1      | Reached XP level 2. HP: 19/19 MP: 1/5
  1337 | D:1      | Found a faded altar of an unknown god.
  1462 | D:1      | Learned a level 2 spell: Ensorcelled Hibernation
  1500 | D:2      | Gained mutation: You may rarely emit foul miasma when
                  | damaged in melee. [demonic ancestry]
  1500 | D:2      | Reached XP level 3. HP: 24/24 MP: 0/6
  2455 | D:2      | Learned a level 3 spell: Stone Arrow
  2937 | D:3      | Found Jacawuh's Antique Weapon Emporium.
  2941 | D:3      | Gained mutation: You have very sharp fingernails. [demonic
                  | ancestry]
  2941 | D:3      | Reached XP level 4. HP: 31/31 MP: 3/8
  3421 | D:3      | Found an iron altar of Okawaru.
  3715 | D:4      | Noticed an ogre
  3717 | D:4      | Noticed a necrophage
  3745 | D:4      | Killed a necrophage
  3746 | D:4      | Reached XP level 5. HP: 26/36 MP: 3/10
  3886 | D:4      | Slain by a gnoll

Illustrated notes

Levels and vault maps discovered:
D:1:      lightli_arrival_statue_moat, layout_basic,
          shapermc_ecumenical_altar_totnotflames
D:2:      layout_basic
D:3:      layout_rooms, mainiacjoe_overflow_chevrons, serial_shops, shop,
          kennysheep_generic_room_10
D:4:      layout_rooms, st_stairs_1

Skill      XL: |  1  2  3  4 |
---------------+-------------+-----
Earth Magic    | 3 |  3.7
Stealth        | 2 |  2.3
Dodging        | 2 |  2.4
Spellcasting   | 3 |  3.7
Fighting       | |  0.7
Short Blades   | |  0.1
Maces & Flails | |  0.2
Armour         | |  0.8
Transmutations | |  0.8

Action                   |  1- 3 |  4- 6 || total
-------------------------+-------+-------++-------
Melee: Unarmed           |    14 |       ||    14
       Dagger            |    36 |       ||    36
       Dire flail        |    15 |    24 ||    39
 Cast: Sandblast         |    62 |    38 ||   100
  Use: Potion            |     1 |     1 ||     2
       Scroll            |     9 |     4 ||    13
Armor: Robe              |    10 |       ||    10
       Chain mail        |    29 |       ||    29
       Leather armour    |    13 |    23 ||    36
Dodge: Dodged            |    65 |    42 ||   107
